 Dungeon Crawl Stone Soup version 0.20.1-1-g8b1a95d (webtiles) character file.

303 Monsterracer the Firebug (level 6, -8/45 HPs)
             Began as a Draconian Fire Elementalist on Sept 10, 2017.
             Shot with an arrow by a centaur (12 damage)
             ... on level 3 of the Dungeon.
             The game lasted 00:05:45 (2946 turns).

Monsterracer the Firebug (DrFE)                     Turns: 2946, Time: 00:05:46

Health: -8/45      AC:  8    Str: 10    XL:     6   Next: 15%
Magic:  10/10      EV: 12    Int: 17    God:
Gold:   131        SH:  0    Dex: 12    Spells: 3/11 levels left

rFire    . . .     SeeInvis .   a - +2 dagger (venom)
rCold    . . .     Gourm    .   (no shield)
rNeg     . . .     Faith    .   (armour unavailable)
rPois    .         Spirit   .   (helmet restricted)
rElec    .         Reflect  .   e - +0 cloak
rCorr    .         Harm     .   p - +0 pair of gloves
MR       .....                  (no boots)
Stlth    ++........             (no amulet)
Regen    0.2/turn               (no ring)
MPRegen  0.2/turn               (no ring)

@: no status effects
A: unfitting armour, cold-blooded, AC +6
a: no special abilities


You were on level 3 of the Dungeon.
You were not hungry.

You visited 1 branch of the dungeon, and saw 3 of its levels.

You collected 131 gold pieces.

Inventory:

Hand Weapons
 a - a +2 dagger of venom (weapon)
 b - a +0 spear
Armour
 e - a +0 cloak (worn)
 p - a +0 pair of gloves (worn)
Scrolls
 c - a scroll of random uselessness {unknown}
 d - a scroll of blinking {unknown}
 f - 4 scrolls of identify {unknown}
 l - 2 scrolls of fear {unknown}
 m - a scroll of teleportation {unknown}
 n - a scroll of enchant weapon {unknown}
Books
 i - a book of Flames

   Spells                             Type                      Level
   a - Flame Tongue                   Conjuration/Fire             1
   b - Throw Flame                    Conjuration/Fire             2
   c - Conjure Flame                  Conjuration/Fire             3
   d - Inner Flame                    Hexes/Fire                   3
   e - Sticky Flame                   Conjuration/Fire             4
   f - Fireball                       Conjuration/Fire             5
Comestibles
 g - 4 bread rations
 h - a meat ration
 k - 5 fruits


   Skills:
 - Level 1.7 Dodging
 - Level 1.7 Stealth
 + Level 3.1 Spellcasting
 * Level 3.7 Conjurations
 * Level 5.1 Fire Magic


You had 3 spell levels left.
You knew the following spells:

 Your Spells              Type           Power        Failure   Level  Hunger
a - Flame Tongue          Conj/Fire      ###..        2%          1    None
b - Conjure Flame         Conj/Fire      ###.....     9%          3    ###....
c - Sticky Flame          Conj/Fire      ###.....     28%         4    ####...


Dungeon Overview and Level Annotations

Branches:
Dungeon (3/15)

Altars:
Dithmenos
Elyvilon
Gozag
Kikubaaqudgha


Innate Abilities, Weirdness & Mutations

Your plain brown scales are hard. (AC +6)
You cannot fit into any form of body armour.
You are cold-blooded and may be slowed by cold attacks.


Message History

The centaur drinks a potion.
The centaur seems to speed up.
The centaur wields a shortbow.
The centaur shoots an arrow.
The arrow hits you!
Huge Dmg: -22%(-10hp) hp: 78%(35hp)
Casting: Sticky Flame
Confirm with . or Enter, or press ? or * to list all spells.
Okay, then.
The centaur shoots an arrow.
The arrow closely misses you.
The centaur shoots an arrow.
The arrow hits you!
A giant cockroach comes into view.
You see here an arrow.
Huge Dmg: -18%(-8hp) hp: 60%(27hp)
Okay, then.
The centaur shoots an arrow.
The arrow hits you!
* * * LOW HITPOINT WARNING * * *
You see here an arrow.
Huge Dmg: -22%(-10hp) hp: 38%(17hp)
The centaur shoots an arrow.
The arrow hits you!
* * * LOW HITPOINT WARNING * * *
The centaur shoots an arrow.
The arrow hits you!
You die...

###).......#.g..#
.######......#.....####
.......<###..#..(###
..####### ##.....(# .
##.....>.# ###
..#########..#..)..###..
...s....(....#..........
#........(#.(..##.#..
#.c.@(....##..((..#..
#.....(..........(.##
#......((.#####.##...
#>........# #.##.#.
#.........# #..#...
##.......... ##[##..
#..........# .###.
#..........# .# #.
############ .# #.


You could see a centaur and a giant cockroach.

Vanquished Creatures
  The ghost of Chisa the Chiller, an amateur MfIE (D:3)
  An orc priest (D:3)
  Robin (D:3)
  2 adders
  An ooze (D:1)
  An adder skeleton (D:3)
  A worm (D:2)
  7 dart slugs
  2 leopard geckos
  7 orcs (D:3)
  2 giant cockroaches (D:3)
  16 goblins
  8 hobgoblins
  9 jackals
  2 ball pythons
  4 bats
  A frilled lizard (D:2)
  9 kobolds
  15 rats
90 creatures vanquished.

Notes
Turn   | Place    | Note
-------+----------+-------------------------------------------
     0 | D:1      | Monsterracer the Draconian Fire Elementalist began the quest for the Orb.
     0 | D:1      | Reached XP level 1. HP: 14/14 MP: 3/3
   243 | D:1      | Reached XP level 2. HP: 20/20 MP: 0/5
   806 | D:1      | Reached XP level 3. HP: 24/26 MP: 6/6
   822 | D:1      | Learned a level 3 spell: Conjure Flame
  1286 | D:2      | Reached skill level 4 in Fire Magic
  1289 | D:2      | HP: 12/26 [dart slug/slug dart (6)]
  1296 | D:2      | HP: 11/26 [poisoned by an adder]
  1536 | D:2      | HP: 13/26 [poisoned by a kobold]
  1541 | D:1      | HP: 10/26 [poisoned by a kobold]
  1549 | D:1      | HP: 8/26 [poisoned by a kobold]
  1557 | D:1      | HP: 7/26 [poisoned by a kobold]
  1686 | D:1      | Reached XP level 4. HP: 20/33 MP: 3/7
  2235 | D:2      | Found a shadowy altar of Dithmenos.
  2235 | D:2      | Found an ancient bone altar of Kikubaaqudgha.
  2235 | D:2      | Found a white marble altar of Elyvilon.
  2277 | D:3      | Learned a level 4 spell: Sticky Flame
  2281 | D:3      | Noticed Robin
  2287 | D:3      | Noticed Chisa's ghost (amateur MfIE)
  2456 | D:3      | Found an opulent altar of Gozag.
  2518 | D:3      | HP: 10/33 [Chisa's ghost/Freeze (11)]
  2522 | D:3      | HP: 3/33 [Chisa's ghost/Freeze (11)]
  2526 | D:3      | Killed Chisa's ghost
  2526 | D:3      | Reached XP level 5. HP: 32/38 MP: 1/9
  2614 | D:3      | Noticed a centaur
  2720 | D:3      | Killed Robin
  2834 | D:3      | Reached XP level 6. HP: 45/45 MP: 5/10
  2840 | D:3      | Reached skill level 5 in Fire Magic
  2945 | D:3      | HP: 17/45 [centaur/arrow (10)]
  2946 | D:3      | HP: 4/45 [centaur/arrow (13)]
  2946 | D:3      | Shot with an arrow by a centaur

Skill      XL: |  1  2  3  4  5  6 |
---------------+-------------------+-----
Conjurations   | 2 3 |  3.7
Fire Magic     | 4 5 |  5.1
Spellcasting   | 3 |  3.1
Dodging        | |  1.7
Stealth        | |  1.7

Action                   |  1- 3 |  4- 6 || total
-------------------------+-------+-------++-------
Melee: Hand axe          |     2 |     1 ||     3
       Dagger            |    45 |    79 ||   124
       Tailslap          |     4 |     7 ||    11
       Spear             |       |     1 ||     1
 Cast: Flame Tongue      |    34 |    40 ||    74
       Conjure Flame     |       |     2 ||     2
       Sticky Flame      |       |     2 ||     2
  Use: Potion            |       |     3 ||     3
 Stab: Sleeping          |     1 |     3 ||     4
  Eat: Chunk             |     2 |     6 ||     8
Armor: Skin              |    18 |    29 ||    47
Dodge: Dodged            |    34 |    59 ||    93
